 Dungeon Crawl Stone Soup version 0.21-a0-84-g85d6d27 (webtiles) character file.

48 Kurtz the Cudgeler (level 3, 0/19 HPs)
             Began as a Vine Stalker Abyssal Knight on June 24, 2017.
             Was a Follower of Lugonu.
             Succumbed to an adder's poison
             ... on level 2 of the Dungeon.
             The game lasted 00:01:27 (776 turns).

Kurtz the Cudgeler (Vine Stalker Abyssal Knight)     Turns: 776, Time: 00:01:27

Health: 0/19       AC:  8    Str: 14    XL:     3   Next: 72%
Magic:  3/5        EV: 11    Int: 12    God:    Lugonu [*.....]
Gold:   49         SH:  0    Dex: 19    Spells: 2/2 levels left

rFire    . . .     SeeInvis .   a - +1 mace
rCold    . . .     Gourm    .   (no shield)
rNeg     . . .     Faith    .   d - +0 chain mail
rPois    .         Spirit   +   (no helmet)
rElec    .         Reflect  .   (no cloak)
rCorr    .         Harm     .   (no gloves)
MR       .....                  (no boots)
Stlth    ..........             (no amulet)
HPRegen  0.06/turn              (no ring)
MPRegen  0.09/turn              (no ring)

@: agile, lethally poisoned (0 -> -5), berserk cooldown, slowed, very slow
A: fangs 2, magic shield, antimagic bite, no potion heal 3, rot immunity
a: Depart the Abyss, Renounce Religion


You were on level 2 of the Dungeon.
You worshipped Lugonu.
Lugonu was aware of your devotion.
You were not hungry.

You visited 1 branch of the dungeon, and saw 2 of its levels.
You visited the Abyss 1 time.

You collected 49 gold pieces.

Inventory:

Hand Weapons
 a - a +1 mace (weapon)
Missiles
 o - 4 tomahawks (quivered)
Armour
 b - a +0 leather armour
 d - a +0 chain mail (worn)
Jewellery
 l - an uncursed ring of positive energy {unknown}
Scrolls
 e - a scroll of enchant weapon {unknown}
 f - 2 scrolls of magic mapping {unknown}
 h - a scroll of identify {unknown}
 i - 2 scrolls of enchant armour {unknown}
 m - a scroll of remove curse {unknown}
 n - a scroll of blinking {unknown}
Comestibles
 c - a bread ration
 j - a meat ration
 k - 5 chunks of flesh


   Skills:
 - Level 2.6 Fighting
 * Level 3.2 Maces & Flails
 - Level 1.5 Armour
 - Level 0.7 Dodging
 * Level 2.3 Invocations


You had 2 spell levels left.
You didn't know any spells.

Dungeon Overview and Level Annotations

Branches:
Dungeon (2/15)

Altars:


Innate Abilities, Weirdness & Mutations

You have extremely sharp teeth.
When hurt, damage is shared between your health and your magic reserves.
Your bite disrupts and absorbs the magic of your enemies.
Potions cannot restore your health.
You are immune to rotting.


Message History

The adder is heavily wounded.
The adder bites you but does no damage.
You thump the worm!
You kill the worm!
Lugonu accepts your kill.
* * * LOW HITPOINT WARNING * * *
You feel sick. The adder barely misses you.
You sock the adder!
You kill the adder!
Lugonu accepts your kill.
You see here a worm corpse.
You feel a strong urge to attack something.
* * * LOW HITPOINT WARNING * * *
You feel sick.
Unknown command.
Unknown command.
You feel your anger subside.
You are no longer berserk.
You are exhausted.
You feel yourself slow down.
You die...

#.##..##..............##.....
..............[..............
......##............(.###....
####................#......
........................#.#..
.#...#.#...........#### #....
........#..#...##.## #.>#.
.#...##.#....#.##.# #....
..... #.....@.....# ##....
#### ##††?######.... ...#..
....##.....# .. ..##.#....
.........#%# ........
.....#...#.# ##.##...
......$..#.# .# # ........
......##.... ...#. #.##.(..
.....# ###.# #.#. #.##..##
....# .. #...##.##....


There were no monsters in sight!

Vanquished Creatures
  2 adders (D:2)
  A worm (D:2)
  2 dart slugs (D:2)
  A leopard gecko (D:1)
  4 bats
  3 giant cockroaches
  A goblin (D:1)
  2 hobgoblins
  4 kobolds
  A rat (D:1)
21 creatures vanquished.

Notes
Turn   | Place    | Note
-------+----------+-------------------------------------------
     0 | Abyss:1  | Kurtz the Vine Stalker Abyssal Knight began the quest for the Orb.
     0 | Abyss:1  | Reached XP level 1. HP: 11/11 MP: 3/3
    65 | Abyss:1  | Noticed an ancient zyme
    68 | D:1      | Escaped the Abyss
   405 | D:1      | Reached skill level 2 in Maces & Flails
   428 | D:1      | Reached XP level 2. HP: 16/16 MP: 4/4
   469 | D:1      | Reached * piety under Lugonu
   679 | D:2      | Reached XP level 3. HP: 12/19 MP: 5/5
   730 | D:2      | Reached skill level 3 in Maces & Flails
   773 | D:2      | HP: 1/28 [poisoned by an adder]
   776 | D:2      | Succumbed to an adder's poison

Vault maps used:
D:1:      minmay_arrival_semitransparent, item_on_display_a
D:2:      lemuel_coloured_pillars_altar

Skill      XL: |  1  2  3 |
---------------+----------+-----
Maces & Flails | 2 3 |  3.2
Invocations    | 2 |  2.3
Fighting       | |  2.6
Armour         | |  1.5
Dodging        | |  0.7

Action                   || total
-------------------------++-------
Melee: Mace              ||    74
       Bite              ||    20
Invok: Depart the Abyss  ||     1
  Use: Potion            ||     2
Armor: Chain mail        ||    71
Dodge: Dodged            ||    33
